 Dungeon Crawl Stone Soup version 0.17-a0-1719-g1afd5a1 (webtiles) character file.

81 kosy22 the Slasher (level 4, -13/40 HPs)
             Began as a Hill Orc Chaos Knight on Aug 27, 2015.
             Mangled by an orc warrior
             ... wielding a +0 mace
              (15 damage)
             ... on level 7 of the Dungeon.
             The game lasted 00:08:55 (1753 turns).

kosy22 the Slasher (Hill Orc Chaos Knight)          Turns: 1753, Time: 00:08:56

Health: -13/40     AC: 11    Str: 15    XL:     4   Next: 40%
Magic:  4/4        EV: 10    Int: 12    God:    Xom [..*...]
Gold:   58         SH:  0    Dex: 10    Spells: 0 memorised, 3 levels left

rFire  . . .     SeeInvis .     e - +0 trident (protect)
rCold  . . .     Clarity  .     c - +0 ring mail
rNeg   . . .     SustAt   .     (no shield)
rPois  .         Gourm    .     (no helmet)
rElec  .         Spirit   .     m - +0 cloak
rCorr  .         Warding  .     (no gloves)
rMut   .         Stasis   .     (no boots)
MR     .....                    (no amulet)
Stlth  ..........               (no ring)
                                (no ring)

@: not resistant to hostile enchantments, extremely unstealthy
A: no striking features
a: Renounce Religion, Convert to Beogh


You were on level 7 of the Dungeon.
You worshipped Xom.
You were a toy of Xom.
You were not hungry.

You visited 2 branches of the dungeon, and saw 8 of its levels.

You collected 58 gold pieces.

Inventory:

Hand weapons
 a - a +0 falchion of chaos
 e - a +0 trident of protection (weapon)
 f - a +0 dagger
 h - a +0 hand axe
 i - a +0 mace
 j - a +0 trident
Armour
 b - a +2 leather armour
 c - a +0 ring mail (worn)
 m - a +0 cloak (worn)
Scrolls
 k - a scroll of recharging {unknown}
 l - a scroll of vulnerability {unknown}
Potions
 d - a potion of curing
 g - a potion of poison {unknown}


   Skills:
 - Level 4.0 Fighting
 * Level 5.2 Long Blades
 - Level 2.1 Armour
 - Level 1.0 Dodging
 + Level 0.1 Stealth


You had 3 spell levels left.
You didn't know any spells.

Dungeon Overview and Level Annotations

Branches:
Dungeon (7/15)             Temple (1/1) D:4

Altars:
Fedhas
Gozag
Kikubaaqudgha
Sif Muna
Vehumet
Xom
Yredelemnul


Message History

Found a falchion.
The orc priest threatens, "By the altar or by the axe, you will meet Beogh!"
You hit the orc warrior but do no damage.
The orc warrior misses you.
A goblin comes into view. It is wielding a spear.
You barely miss the orc warrior.
The goblin shouts!
The goblin closely misses you. The goblin hits you but does no damage.
The orc priest barely misses you. The orc warrior closely misses you.
The orc priest barely misses you. The goblin barely misses you.
The orc priest hits you but does no damage.
The orc priest calls down the wrath of Beogh upon you.
Pain shoots through your body! The orc warrior hits you with a mace!
* * * LOW HITPOINT WARNING * * *
A hound comes into view.
The hound barks!
The goblin misses you. The orc warrior hits you with a mace!
You die...
Xom chortles!

### ###########.##
#)..@ooo..>..##
#.#.#o.g###...##
....h..g..#...###
#..≈≈≈o≈≈g.##.o..#...
#..≈#####h.###<......
##.≈ #≈.# ##......
#.≈ .≈.# #...## #.≈
.#≈.# ...# ##≈Z .##


You could see an orc warrior, 2 hounds, 2 orc priests, 2 orcs and 3 goblins.

Vanquished Creatures
  6 adders
  An ooze (D:1)
  3 bats
  A giant cockroach (D:2)
  5 goblins
  2 hobgoblins
  2 quokkas (D:2)
  A giant gecko (D:2)
  3 giant newts (D:2)
  A kobold (D:1)
  A rat (D:2)
  A bush (Temple)
  A plant (Temple)
28 creatures vanquished.

Notes
Turn   | Place    | Note
--------------------------------------------------------------
     0 | D:1      | kosy22 the Hill Orc Chaos Knight began the quest for the Orb.
     0 | D:1      | Reached XP level 1. HP: 19/19 MP: 1/1
    81 | D:1      | XOM: harmless Tloc miscast
    87 | D:1      | Reached skill level 4 in Fighting
    87 | D:1      | Reached XP level 2. HP: 16/27 MP: 2/2
    88 | D:1      | XOM: silly message
   326 | D:2      | Reached skill level 1 in Dodging
   448 | D:2      | XOM: potion effect (might)
   468 | D:2      | Reached XP level 3. HP: 20/33 MP: 3/3
   977 | D:4      | Found a staircase to the Ecumenical Temple.
   987 | Temple   | Entered the Ecumenical Temple
  1257 | Temple   | XOM: silly message
  1311 | Temple   | XOM: scenery: 3 doors close
  1385 | D:4      | Reached XP level 4. HP: 40/40 MP: 4/4
  1418 | D:4      | Reached skill level 5 in Long Blades
  1531 | D:4      | XOM: potion effect (berserk rage)
  1549 | D:5      | Entered Level 5 of the Dungeon
  1738 | D:7      | Noticed an orc warrior
  1752 | D:7      | HP: 2/40 [orc warrior/mace (11)]
  1753 | D:7      | Mangled by an orc warrior

Vault maps used:
D:1:      minmay_arrival_glassed_features
D:2:      gammafunk_temple_overflow_claw
D:3:      nicolae_overflow_hidden_temple, grunt_temple_overflow_diamond,
          first_bread
D:4:      temple_hall, gup_sewer_entry_bubbles
D:5:      lemuel_coloured_pillars_altar, st_stairs_9, lemuel_flamethrower_2
D:6:      lemuel_slime, lemuel_doored_altar, zin_purify, uniq_eustachio
D:7:      enter_bailey_3, minmay_strange_pillars
Temple:   temple_island_7

Action                   |  1- 3 |  4- 6 || total
-------------------------+-------+-------++-------
Melee: Falchion          |    65 |       ||    65
       Trident           |   236 |    23 ||   259
  Use: Scroll            |     1 |     2 ||     3
       Potion            |     3 |       ||     3
  Eat: Bread ration      |     1 |       ||     1
